 Dungeon Crawl Stone Soup version 0.29-a0-299-g4c793a2ed2 (webtiles) character file.

Game seed: 4287068790681228325

89 kae the Firebug (level 4, -2/25 HPs)
             Began as a Tengu Fire Elementalist on Mar 24, 2022.
             Slain by a black bear (10 damage)
             ... on level 3 of the Dungeon.
             The game lasted 00:01:21 (3820 turns).

kae the Firebug (Tengu Fire Elementalist)           Turns: 3820, Time: 00:01:22

Health: -2/25      AC:  2    Str:  8    XL:     4   Next: 55%
Magic:  5/8        EV: 13    Int: 17    God:
Gold:   176        SH:  0    Dex: 15    Spells: 6/7 levels left

rFire   . . .      SeeInvis .   (no weapon)
rCold   . . .      Faith    .   (no shield)
rNeg    . . .      Spirit   .   a - +0 robe
rPois   .          Reflect  .   (helmet restricted)
rElec   .          Harm     .   (no cloak)
rCorr   .          Rampage  .   (no gloves)
Will    .....                   (boots unavailable)
Stlth   ++........              (no amulet)
HPRegen 0.08/turn               (no ring)
MPRegen 0.11/turn               (no ring)

@: no status effects
A: beak, talons 3
a: no special abilities


You were on level 3 of the Dungeon.
You visited 1 branch of the dungeon, and saw 4 of its levels.

You collected 176 gold pieces.

Inventory:

Armour
 a - a +0 robe (worn)
Scrolls
 k - a scroll of fog {unknown}
 l - a scroll of teleportation {unknown}
 o - a scroll of holy word {unknown}
Potions
 b - a potion of magic
 d - 2 potions of attraction {unknown}
 e - 2 potions of degeneration {unknown}
 f - a potion of heal wounds
 g - 2 potions of brilliance {unknown}
 h - 2 potions of ambrosia {unknown}
 i - a potion of cancellation {unknown}
 m - a potion of haste {unknown}
 n - a potion of curing {unknown}


   Skills:
 + Level 1.3 Fighting
 + Level 2.8 Dodging
 - Level 2.0 Stealth
 + Level 2.4 Spellcasting
 + Level 2.6 Conjurations
 * Level 4.2 Fire Magic


You had 6 spell levels left.
You knew the following spells:

 Your Spells              Type           Power      Damage    Failure   Level
a - Foxfire               Conj/Fire      52%        2x1d6     4%          1

Your spell library contained the following spells:

 Spells                   Type           Power      Damage    Failure   Level
 Scorch                   Fire           32%        2d7       4%          2
 Conjure Flame            Conj/Fire      13%        6-21      14%         3
 Inner Flame              Hex/Fire       9%         N/A       24%         3
 Flame Wave               Conj/Fire      13%        2d6       41%         4
 Hailstorm                Conj/Ice       6%         3d4       73%         4
 Ice Form                 Ice/Tmut       2%         N/A       88%         4
 Conjure Ball Lightning   Conj/Air       3%         3x3d6     100%        6
 Simulacrum               Ice/Necr       1%         N/A       100%        6
 Discord                  Hex            1%         N/A       100%        8
 Disjunction              Tloc           1%         N/A       100%        8


Dungeon Overview and Level Annotations

Branches:
Dungeon (4/15)
 Temple: D:4-7

Altars:
Gozag
Uskayaw
Yredelemnul
The Shining One


Innate Abilities, Weirdness & Mutations

You have a beak for a mouth.
You have claws for feet.


Message History

Your body is wracked with pain!
The orc convulses! x2
The orc shouts!
The orc convulses!
The black bear convulses!
The black bear growls angrily.
It was a scroll of torment.
Unknown command.
As you read the scroll labelled JEIGROHAUNN, it crumbles to dust.
It is a scroll of identify.
f - 2 potions of heal wounds An orc wizard comes into view.
It is wielding a +0 dagger.
An endoplasm comes into view.
Casting: Foxfire (safe; 4% risk of failure)
Confirm with . or Enter, or press ? or * to list all spells.
You conjure some foxfire!
The endoplasm quivers.
The foxfire hits the orc.
The orc is almost dead.
The foxfire hits the black bear.
The black bear is severely wounded.
The black bear barely misses you. The black bear claws you. x2
The black bear barely misses you. The black bear claws you. x2
* * * LOW HITPOINT WARNING * * *
You climb upwards.
There is a stone staircase leading down here.
You feel much better. The black bear bites you.
The black bear barely misses you. The black bear closely misses you.
The orc hits you with a +0 short sword.
Casting: Foxfire (safe; 4% risk of failure)
Confirm with . or Enter, or press ? or * to list all spells.
You conjure some foxfire!
The black bear bites you. The black bear claws you.
The black bear closely misses you. The orc hits you with a +0 short sword.
The foxfire hits the black bear.
The black bear is severely wounded.
The foxfire hits the black bear.
The black bear is almost dead.
The orc closely misses you.
The black bear goes berserk!
Casting: Foxfire (safe; 4% risk of failure)
Confirm with . or Enter, or press ? or * to list all spells.
You conjure some foxfire!
The black bear bites you!
You die...

.......###..#...........#...# #..
.......# ##...............### ###
.......# ###........#...## #
.......####.........#..### #
............##....###.##### #####
###############...........###....
........# #...........##.....
.#...#..#######vv................
......._#......h@................
.#...#..#......o..........#......
........###....#..........#......
#########.................#......
...)...........#..........##.....
.........###...#..........###....
.......#...#...##................
.#####.###..............#........
..# #.###.......######.#........


You could see a black bear (berserk, ally target) and an orc.

Vanquished Creatures
  2 adders (D:2)
  An ufetubus (D:3)
  2 worms (D:3)
  2 dart slugs
  An orc (D:3)
  6 ball pythons
  5 endoplasms
  2 giant cockroaches
  6 goblins
  6 hobgoblins
  3 jackals (D:1)
  2 quokkas
  3 bats
  3 frilled lizards
  3 kobolds
  5 rats
52 creatures vanquished.

Vanquished Creatures (others)
  265 foxfires
  8 plants (D:2)
273 creatures vanquished.

Grand Total: 325 creatures vanquished

Notes
Turn   | Place    | Note
-------+----------+-------------------------------------------
     0 | D:1      | kae the Tengu Fire Elementalist began the quest for the
                  | Orb.
     0 | D:1      | Reached XP level 1. HP: 10/10 MP: 4/4
   451 | D:1      | Reached XP level 2. HP: 16/16 MP: 0/6
  1410 | D:1      | Found a faded altar of an unknown god.
  1426 | D:1      | Reached XP level 3. HP: 20/20 MP: 4/7
  1745 | D:2      | Reached skill level 1 in Fighting
  2033 | D:2      | Reached skill level 4 in Fire Magic
  2401 | D:2      | Reached XP level 4. HP: 25/25 MP: 5/8
  3346 | D:3      | Found a basalt altar of Yredelemnul.
  3619 | D:3      | Found an opulent altar of Gozag.
  3680 | D:3      | Found a glowing golden altar of the Shining One.
  3738 | D:3      | Found a hide-covered altar of Uskayaw.
  3810 | D:4      | Noticed a black bear
  3820 | D:3      | Slain by a black bear

Illustrated notes

Levels and vault maps discovered:
D:1:      lightli_arrival_chessboard, layout_loops_corners,
          chequers_ecumenical_altar_simple_redux
D:2:      layout_loops_ring, serial_bayou_crossing
D:3:      layout_rooms, yredelemnul_altar_generic,
          lemuel_coloured_pillars_altar, minitemple
D:4:      layout_rooms, mainiacjoe_overflow_small_starburst

Skill      XL: |  1  2  3 |
---------------+----------+-----
Conjurations   | 2 |  2.6
Fighting       | 1 |  1.3
Fire Magic     | 4 |  4.2
Dodging        | |  2.8
Stealth        | |  2.0
Spellcasting   | |  2.4

Action                   |  1- 3 |  4- 6 || total
-------------------------+-------+-------++-------
Melee: Unarmed           |    33 |       ||    33
       Kick              |     7 |       ||     7
       Peck              |     1 |       ||     1
 Cast: Foxfire           |    92 |    71 ||   163
  Use: Scroll            |     1 |     3 ||     4
       Potion            |       |     1 ||     1
Armor: Robe              |    13 |     1 ||    14
Dodge: Dodged            |    49 |    10 ||    59

Table legend: (Time is in decaauts)
 A = Elapsed time spent in this place.
 B = Non-inter-level travel time spent in this place.
 C = Inter-level travel time spent in this place.
 D = Time resting spent in this place.
 E = Time spent auto-exploring this place.
 F = Levels seen in this place.
 G = Mean time per level.
                   A        B        C        D        E       F      G
               +--------+--------+--------+--------+--------+-----+--------+
         Total |   3828 |   3704 |    124 |     21 |   3165 |   4 |  957.0 |
       Dungeon |   3828 |   3704 |    124 |     21 |   3165 |   4 |  957.0 |
               +--------+--------+--------+--------+--------+-----+--------+

Top non-repeatable levels by time:
     D:1: 1619 daAuts
     D:2: 1255 daAuts
     D:3: 948 daAuts
     D:4: 5 daAuts
